 Dungeon Crawl Stone Soup version 0.29.1-2-gbd0b4ee654 (webtiles) character file.

Game seed: 6021519095841616743

135 Ivernyr the Insei (level 5, -3/34 HPs)
             Began as an Octopode Transmuter on Oct 30, 2022.
             Constricted to death by Pikel (4 damage)
             ... on level 6 of the Dungeon.
             The game lasted 00:08:15 (3024 turns).

Ivernyr the Insei (Octopode Transmuter)             Turns: 3024, Time: 00:08:16

Health: -3/34      AC:  2    Str: 10    XL:     5   Next: 18%
Magic:  7/10       EV: 20    Int: 17    God:
Gold:   169        SH:  0    Dex: 17    Spells: 2/10 levels left

rFire   . . .      SeeInvis .     - Unarmed
rCold   . . .      Faith    .   (shield currently unavailable)
rNeg    . . .      Spirit   .   (helmet currently unavailable)
rPois   x          Reflect  .   (no amulet)
rElec   .          Harm     .   i - +4 ring of evasion
rCorr   .          Rampage  .   (no ring)
Will    .....                   (no ring)
Stlth   ++........              (no ring)
HPRegen 0.11/turn               (no ring)
MPRegen 0.12/turn               (no ring)
                                (no ring)
                                (no ring)

@: spider-form, grasped by roots, constricted
A: venomous fangs, almost no armour, (amphibious), 8 rings, tiny, (camouflage
1), (gelatinous body 1), (nimble swimmer 1), (tentacles)
a: End Transformation


You were on level 6 of the Dungeon.
You were a venomous arachnid creature.
You visited 1 branch of the dungeon, and saw 5 of its levels.

You collected 169 gold pieces.

Inventory:

Hand Weapons
 k - a +2 dagger of venom (melded)
Jewellery
 i - a +4 ring of evasion (left front leg)
Scrolls
 c - a scroll of poison {unknown}
 e - a scroll of identify {unknown}
 f - 2 scrolls of teleportation {unknown}
 g - a scroll of noise {unknown}
 j - a scroll of silence {unknown}
Potions
 a - 2 potions of lignification
 b - a potion of curing {unknown}
 d - a potion of heal wounds {unknown}
 h - a potion of resistance {unknown}
 l - a potion of haste {unknown}


   Skills:
 + Level 2.2 Fighting
 - Level 2.0 Dodging
 + Level 3.6 Unarmed Combat
 * Level 3.3 Spellcasting
 + Level 2.9 Transmutations


You had 2 spell levels left.
You knew the following spells:

 Your Spells              Type           Power      Damage    Failure   Level
a - Beastly Appendage     Tmut           24%        N/A       14%         1
b - Wereblood             Tmut           12%        N/A       21%         2
c - Spider Form           Tmut/Pois      7%         N/A       50%         3
d - Blink                 Tloc           4%         N/A       47%         2

Your spell library contained the following spells:

 Spells                   Type           Power      Damage    Failure   Level
 Magic Dart               Conj           8%         1d3       36%         1
 Call Imp                 Summ           2%         N/A       47%         2
 Searing Ray              Conj           4%         2d4       47%         2
 Gell's Gravitas          Tloc           2%         N/A       67%         3
 Lesser Beckoning         Tloc           2%         N/A       67%         3
 Mephitic Cloud           Conj/Pois/Air  2%         N/A       67%         3
 Teleport Other           Tloc           2%         N/A       67%         3
 Ice Form                 Ice/Tmut       7%         N/A       85%         4
 Fulminant Prism          Conj/Hex       1%         3d6       95%         4
 Manifold Assault         Tloc           2%         N/A       100%        5
 Dispersal                Tloc           1%         N/A       100%        6


Dungeon Overview and Level Annotations

Branches:
Dungeon (6/15)
 Temple: D:4-7

Altars:

Shops:
D:3 [

Annotations:
D:6 Pikel


Innate Abilities, Weirdness & Mutations

You are a venomous arachnid creature.
You have poisonous fangs.
You are tiny and dextrous.
Your spellcasting is less reliable in this form.
Your armour is entirely melded.
You are incapable of wielding weapons or throwing items.
You cannot wear most types of armour.
((You are amphibious.))
You can wear up to eight rings at the same time.
((Your skin changes colour to match your surroundings (Stealth+).))
((Your rubbery body absorbs attacks. (AC +1, EV +1)))
((You are camouflaged when in or above water. (Stealth+)))
((You have tentacles for arms and can constrict up to eight enemies at once.))


Message History

The lemure barely misses you.
You hear a shout!
You hear a bark!
You hear a shout!
The roots lose their grip on you.
You climb downwards.
There is a stone staircase leading up here.
Casting: Beastly Appendage (safe; 4% risk of failure)
Confirm with . or Enter, or press ? or * to list all spells.
The spell is quite dangerous to miscast (28% risk of failure)!
Continue anyway?
You turn into a venomous arachnid creature.
Your +2 dagger of venom melds into your body.
Your +2 dagger of venom stops dripping with poison.
The lemure hits you but does no damage. Pikel misses you.
The lemure completely misses you.
You hit Pikel.
Pikel is poisoned.
Pikel is lightly wounded.
The lemure misses you. Pikel closely misses you. The lemure barely misses you.
You hit Pikel but do no damage.
Pikel is lightly wounded.
You hit Pikel.
Pikel is lightly wounded.
The lemure misses you. x2; Pikel zaps a wand.
The roots erupt in riotous growth!
The grasping roots grab you!
The lemure is unaffected. x2; Pikel is unaffected.
The grasping roots constrict you!
You hear a shout! x4; You hear an angry hiss.
You hit Pikel.
Pikel is lightly wounded.
The lemure barely misses you. The lemure closely misses you.
Pikel closely misses you. The grasping roots constrict you!
You hit Pikel but do no damage.
Pikel looks as sick as possible!
Pikel is moderately wounded.
The lemure misses you. The lemure hits you.
* * * LOW HITPOINT WARNING * * *
Pikel barely misses you. The grasping roots constrict you!
* * * LOW HITPOINT WARNING * * *
Unknown command.
You completely miss Pikel.
Pikel is moderately wounded.
The lemure closely misses you. The lemure barely misses you.
Pikel closely misses you. The grasping roots constrict you.
You die...

##....)###.##..#.#
#.....###.†.....#
#............#..##
#....###...##....#
#.)...####....(..)
#...#...###.......
#.......# #.......
#5K.###...###'####
#s5.# .#.##...# #
##### #.##...# #
##.. # # # # # #


You could see Pikel (extremely poisoned) and 2 lemures.

Vanquished Creatures
  A hound (D:2)
  5 adders
  A shadow imp (D:6)
  A worm (D:2)
  An orc (D:6)
  6 ball pythons
  4 bats
  4 endoplasms
  A giant cockroach (D:2)
  5 goblins
  6 hobgoblins
  A jackal (D:1)
  7 kobolds
  A quokka (D:2)
  4 frilled lizards
  3 rats
51 creatures vanquished.

Vanquished Creatures (others)
  A plant (D:3)
1 creature vanquished.

Grand Total: 52 creatures vanquished

Notes
Turn   | Place    | Note
-------+----------+-------------------------------------------
     0 | D:1      | Ivernyr the Octopode Transmuter began the quest for the
                  | Orb.
     0 | D:1      | Reached XP level 1. HP: 13/13 MP: 3/3
   304 | D:1      | Reached XP level 2. HP: 16/18 MP: 5/5
   948 | D:2      | Learned a level 2 spell: Wereblood
   958 | D:2      | Reached XP level 3. HP: 11/23 MP: 4/6
  1317 | D:2      | Learned a level 3 spell: Spider Form
  1507 | D:2      | Found a faded altar of an unknown god.
  1692 | D:2      | Reached XP level 4. HP: 20/29 MP: 6/8
  2147 | D:3      | Found Wuliaz's Armour Boutique.
  2240 | D:3      | Learned a level 2 spell: Blink
  2577 | D:3      | You fall into a shaft and drop 3 floors!
  2772 | D:6      | Identified the +0 ring mail of Limited Liability {Dex+4}
  2796 | D:6      | Reached XP level 5. HP: 27/34 MP: 9/9
  2991 | D:6      | Noticed a centaur
  3015 | D:5      | Entered Level 5 of the Dungeon
  3015 | D:5      | Noticed Pikel
  3015 | D:5      | Noticed a lemure
  3015 | D:5      | Noticed a lemure
  3015 | D:5      | Noticed a lemure
  3015 | D:5      | Noticed a lemure
  3023 | D:6      | HP: 1/34 [constriction (7)]
  3024 | D:6      | Constricted to death by Pikel

Illustrated notes

Levels and vault maps discovered:
D:1:      wander_arrival_desolate, layout_basic, kennysheep_nondescript,
          minmay_cupped
D:2:      layout_basic, chequers_ecumenical_altar_simple
D:3:      corexii_shack_village, layout_rooms, serial_shops,
          nicolae_shop_advertising_works [nicolae_subvault_shop_adworks]
D:5:      layout_basic, serial_shops, nicolae_diamond_shop, uniq_pikel,
          uniq_duvessa
D:6:      layout_rooms, minmay_temple_entry_statues, nrook_uturn,
          kennysheep_generic_room_16

Skill      XL: |  1  2  3  4 |
---------------+-------------+-----
Spellcasting   | 3 |  3.3
Fighting       | 2 |  2.2
Dodging        | |  2.0
Unarmed Combat | |  3.6
Transmutations | |  2.9

Action                   |  1- 3 |  4- 6 || total
-------------------------+-------+-------++-------
Melee: Unarmed           |    71 |    23 ||    94
       Constrict         |    16 |    12 ||    28
       Tentacles         |    10 |    13 ||    23
       Kick              |    14 |     3 ||    17
       Dagger            |       |    30 ||    30
       Punch             |       |     1 ||     1
 Cast: Beastly Appendage |    12 |     6 ||    18
       Wereblood         |       |     2 ||     2
       Spider Form       |       |     1 ||     1
 Stab: Sleeping          |     3 |     3 ||     6
Armor: Skin              |     6 |     4 ||    10
Dodge: Dodged            |    43 |    47 ||    90
